[gd_scene load_steps=4 format=2]

[ext_resource path="res://Actors/Tank.tscn" type="PackedScene" id=1]
[ext_resource path="res://Games/map.gd" type="Script" id=2]
[ext_resource path="res://Actors/wall.tscn" type="PackedScene" id=3]

[node name="map" type="Node"]
script = ExtResource( 2 )

[node name="borders" type="Node" parent="."]

[node name="top" parent="borders" instance=ExtResource( 3 )]
position = Vector2( 512, 64 )
scale = Vector2( 3.04936, 0.393847 )

[node name="bottom" parent="borders" instance=ExtResource( 3 )]
position = Vector2( 512, 576 )
scale = Vector2( 3.04936, 0.393847 )

[node name="left" parent="borders" instance=ExtResource( 3 )]
position = Vector2( 24, 320 )
rotation = 1.57079
scale = Vector2( 1.60936, 0.393847 )

[node name="right" parent="borders" instance=ExtResource( 3 )]
position = Vector2( 992, 320 )
rotation = 1.57079
scale = Vector2( 1.60936, 0.393847 )

[node name="walls" type="Node" parent="."]

[node name="row_1" type="Node" parent="walls"]

[node name="right" type="Node" parent="walls/row_1"]

[node name="1" parent="walls/row_1/right" instance=ExtResource( 3 )]
position = Vector2( 96, 96 )
rotation = 1.5708
scale = Vector2( 0.2, 0.0799951 )

[node name="2" parent="walls/row_1/right" instance=ExtResource( 3 )]
position = Vector2( 160, 96 )
rotation = 1.5708
scale = Vector2( 0.2, 0.0799951 )

[node name="3" parent="walls/row_1/right" instance=ExtResource( 3 )]
position = Vector2( 224, 96 )
rotation = 1.5708
scale = Vector2( 0.2, 0.0799951 )

[node name="4" parent="walls/row_1/right" instance=ExtResource( 3 )]
position = Vector2( 288, 96 )
rotation = 1.5708
scale = Vector2( 0.2, 0.0799951 )

[node name="5" parent="walls/row_1/right" instance=ExtResource( 3 )]
position = Vector2( 352, 96 )
rotation = 1.5708
scale = Vector2( 0.2, 0.0799951 )

[node name="6" parent="walls/row_1/right" instance=ExtResource( 3 )]
position = Vector2( 416, 96 )
rotation = 1.5708
scale = Vector2( 0.2, 0.0799951 )

[node name="7" parent="walls/row_1/right" instance=ExtResource( 3 )]
position = Vector2( 480, 96 )
rotation = 1.5708
scale = Vector2( 0.2, 0.0799951 )

[node name="8" parent="walls/row_1/right" instance=ExtResource( 3 )]
position = Vector2( 544, 96 )
rotation = 1.5708
scale = Vector2( 0.2, 0.0799951 )

[node name="9" parent="walls/row_1/right" instance=ExtResource( 3 )]
position = Vector2( 608, 96 )
rotation = 1.5708
scale = Vector2( 0.2, 0.0799951 )

[node name="10" parent="walls/row_1/right" instance=ExtResource( 3 )]
position = Vector2( 672, 96 )
rotation = 1.5708
scale = Vector2( 0.2, 0.0799951 )

[node name="11" parent="walls/row_1/right" instance=ExtResource( 3 )]
position = Vector2( 736, 96 )
rotation = 1.5708
scale = Vector2( 0.2, 0.0799951 )

[node name="12" parent="walls/row_1/right" instance=ExtResource( 3 )]
position = Vector2( 800, 96 )
rotation = 1.5708
scale = Vector2( 0.2, 0.0799951 )

[node name="13" parent="walls/row_1/right" instance=ExtResource( 3 )]
position = Vector2( 864, 96 )
rotation = 1.5708
scale = Vector2( 0.2, 0.0799951 )

[node name="14" parent="walls/row_1/right" instance=ExtResource( 3 )]
position = Vector2( 928, 96 )
rotation = 1.5708
scale = Vector2( 0.2, 0.0799951 )

[node name="bottom" type="Node" parent="walls/row_1"]

[node name="1" parent="walls/row_1/bottom" instance=ExtResource( 3 )]
position = Vector2( 64, 128 )
scale = Vector2( 0.2, 0.0799951 )

[node name="2" parent="walls/row_1/bottom" instance=ExtResource( 3 )]
position = Vector2( 128, 128 )
scale = Vector2( 0.2, 0.0799951 )

[node name="3" parent="walls/row_1/bottom" instance=ExtResource( 3 )]
position = Vector2( 192, 128 )
scale = Vector2( 0.2, 0.0799951 )

[node name="4" parent="walls/row_1/bottom" instance=ExtResource( 3 )]
position = Vector2( 256, 128 )
scale = Vector2( 0.2, 0.0799951 )

[node name="5" parent="walls/row_1/bottom" instance=ExtResource( 3 )]
position = Vector2( 320, 128 )
scale = Vector2( 0.2, 0.0799951 )

[node name="6" parent="walls/row_1/bottom" instance=ExtResource( 3 )]
position = Vector2( 384, 128 )
scale = Vector2( 0.2, 0.0799951 )

[node name="7" parent="walls/row_1/bottom" instance=ExtResource( 3 )]
position = Vector2( 448, 128 )
scale = Vector2( 0.2, 0.0799951 )

[node name="8" parent="walls/row_1/bottom" instance=ExtResource( 3 )]
position = Vector2( 512, 128 )
scale = Vector2( 0.2, 0.0799951 )

[node name="9" parent="walls/row_1/bottom" instance=ExtResource( 3 )]
position = Vector2( 576, 128 )
scale = Vector2( 0.2, 0.0799951 )

[node name="10" parent="walls/row_1/bottom" instance=ExtResource( 3 )]
position = Vector2( 640, 128 )
scale = Vector2( 0.2, 0.0799951 )

[node name="11" parent="walls/row_1/bottom" instance=ExtResource( 3 )]
position = Vector2( 704, 128 )
scale = Vector2( 0.2, 0.0799951 )

[node name="12" parent="walls/row_1/bottom" instance=ExtResource( 3 )]
position = Vector2( 768, 128 )
scale = Vector2( 0.2, 0.0799951 )

[node name="13" parent="walls/row_1/bottom" instance=ExtResource( 3 )]
position = Vector2( 832, 128 )
scale = Vector2( 0.2, 0.0799951 )

[node name="14" parent="walls/row_1/bottom" instance=ExtResource( 3 )]
position = Vector2( 896, 128 )
scale = Vector2( 0.2, 0.0799951 )

[node name="15" parent="walls/row_1/bottom" instance=ExtResource( 3 )]
position = Vector2( 960, 128 )
scale = Vector2( 0.2, 0.0799951 )

[node name="row_2" type="Node" parent="walls"]

[node name="right" type="Node" parent="walls/row_2"]

[node name="1" parent="walls/row_2/right" instance=ExtResource( 3 )]
position = Vector2( 96, 160 )
rotation = 1.5708
scale = Vector2( 0.2, 0.0799951 )

[node name="2" parent="walls/row_2/right" instance=ExtResource( 3 )]
position = Vector2( 160, 160 )
rotation = 1.5708
scale = Vector2( 0.2, 0.0799951 )

[node name="3" parent="walls/row_2/right" instance=ExtResource( 3 )]
position = Vector2( 224, 160 )
rotation = 1.5708
scale = Vector2( 0.2, 0.0799951 )

[node name="4" parent="walls/row_2/right" instance=ExtResource( 3 )]
position = Vector2( 288, 160 )
rotation = 1.5708
scale = Vector2( 0.2, 0.0799951 )

[node name="5" parent="walls/row_2/right" instance=ExtResource( 3 )]
position = Vector2( 352, 160 )
rotation = 1.5708
scale = Vector2( 0.2, 0.0799951 )

[node name="6" parent="walls/row_2/right" instance=ExtResource( 3 )]
position = Vector2( 416, 160 )
rotation = 1.5708
scale = Vector2( 0.2, 0.0799951 )

[node name="7" parent="walls/row_2/right" instance=ExtResource( 3 )]
position = Vector2( 480, 160 )
rotation = 1.5708
scale = Vector2( 0.2, 0.0799951 )

[node name="8" parent="walls/row_2/right" instance=ExtResource( 3 )]
position = Vector2( 544, 160 )
rotation = 1.5708
scale = Vector2( 0.2, 0.0799951 )

[node name="9" parent="walls/row_2/right" instance=ExtResource( 3 )]
position = Vector2( 608, 160 )
rotation = 1.5708
scale = Vector2( 0.2, 0.0799951 )

[node name="10" parent="walls/row_2/right" instance=ExtResource( 3 )]
position = Vector2( 672, 160 )
rotation = 1.5708
scale = Vector2( 0.2, 0.0799951 )

[node name="11" parent="walls/row_2/right" instance=ExtResource( 3 )]
position = Vector2( 736, 160 )
rotation = 1.5708
scale = Vector2( 0.2, 0.0799951 )

[node name="12" parent="walls/row_2/right" instance=ExtResource( 3 )]
position = Vector2( 800, 160 )
rotation = 1.5708
scale = Vector2( 0.2, 0.0799951 )

[node name="13" parent="walls/row_2/right" instance=ExtResource( 3 )]
position = Vector2( 864, 160 )
rotation = 1.5708
scale = Vector2( 0.2, 0.0799951 )

[node name="14" parent="walls/row_2/right" instance=ExtResource( 3 )]
position = Vector2( 928, 160 )
rotation = 1.5708
scale = Vector2( 0.2, 0.0799951 )

[node name="bottom" type="Node" parent="walls/row_2"]

[node name="1" parent="walls/row_2/bottom" instance=ExtResource( 3 )]
position = Vector2( 64, 192 )
scale = Vector2( 0.2, 0.0799951 )

[node name="2" parent="walls/row_2/bottom" instance=ExtResource( 3 )]
position = Vector2( 128, 192 )
scale = Vector2( 0.2, 0.0799951 )

[node name="3" parent="walls/row_2/bottom" instance=ExtResource( 3 )]
position = Vector2( 192, 192 )
scale = Vector2( 0.2, 0.0799951 )

[node name="4" parent="walls/row_2/bottom" instance=ExtResource( 3 )]
position = Vector2( 256, 192 )
scale = Vector2( 0.2, 0.0799951 )

[node name="5" parent="walls/row_2/bottom" instance=ExtResource( 3 )]
position = Vector2( 320, 192 )
scale = Vector2( 0.2, 0.0799951 )

[node name="6" parent="walls/row_2/bottom" instance=ExtResource( 3 )]
position = Vector2( 384, 192 )
scale = Vector2( 0.2, 0.0799951 )

[node name="7" parent="walls/row_2/bottom" instance=ExtResource( 3 )]
position = Vector2( 448, 192 )
scale = Vector2( 0.2, 0.0799951 )

[node name="8" parent="walls/row_2/bottom" instance=ExtResource( 3 )]
position = Vector2( 512, 192 )
scale = Vector2( 0.2, 0.0799951 )

[node name="9" parent="walls/row_2/bottom" instance=ExtResource( 3 )]
position = Vector2( 576, 192 )
scale = Vector2( 0.2, 0.0799951 )

[node name="10" parent="walls/row_2/bottom" instance=ExtResource( 3 )]
position = Vector2( 640, 192 )
scale = Vector2( 0.2, 0.0799951 )

[node name="11" parent="walls/row_2/bottom" instance=ExtResource( 3 )]
position = Vector2( 704, 192 )
scale = Vector2( 0.2, 0.0799951 )

[node name="12" parent="walls/row_2/bottom" instance=ExtResource( 3 )]
position = Vector2( 768, 192 )
scale = Vector2( 0.2, 0.0799951 )

[node name="13" parent="walls/row_2/bottom" instance=ExtResource( 3 )]
position = Vector2( 832, 192 )
scale = Vector2( 0.2, 0.0799951 )

[node name="14" parent="walls/row_2/bottom" instance=ExtResource( 3 )]
position = Vector2( 896, 192 )
scale = Vector2( 0.2, 0.0799951 )

[node name="15" parent="walls/row_2/bottom" instance=ExtResource( 3 )]
position = Vector2( 960, 192 )
scale = Vector2( 0.2, 0.0799951 )

[node name="row_3" type="Node" parent="walls"]

[node name="right" type="Node" parent="walls/row_3"]

[node name="1" parent="walls/row_3/right" instance=ExtResource( 3 )]
position = Vector2( 96, 224 )
rotation = 1.5708
scale = Vector2( 0.2, 0.0799951 )

[node name="2" parent="walls/row_3/right" instance=ExtResource( 3 )]
position = Vector2( 160, 224 )
rotation = 1.5708
scale = Vector2( 0.2, 0.0799951 )

[node name="3" parent="walls/row_3/right" instance=ExtResource( 3 )]
position = Vector2( 224, 224 )
rotation = 1.5708
scale = Vector2( 0.2, 0.0799951 )

[node name="4" parent="walls/row_3/right" instance=ExtResource( 3 )]
position = Vector2( 288, 224 )
rotation = 1.5708
scale = Vector2( 0.2, 0.0799951 )

[node name="5" parent="walls/row_3/right" instance=ExtResource( 3 )]
position = Vector2( 352, 224 )
rotation = 1.5708
scale = Vector2( 0.2, 0.0799951 )

[node name="6" parent="walls/row_3/right" instance=ExtResource( 3 )]
position = Vector2( 416, 224 )
rotation = 1.5708
scale = Vector2( 0.2, 0.0799951 )

[node name="7" parent="walls/row_3/right" instance=ExtResource( 3 )]
position = Vector2( 480, 224 )
rotation = 1.5708
scale = Vector2( 0.2, 0.0799951 )

[node name="8" parent="walls/row_3/right" instance=ExtResource( 3 )]
position = Vector2( 544, 224 )
rotation = 1.5708
scale = Vector2( 0.2, 0.0799951 )

[node name="9" parent="walls/row_3/right" instance=ExtResource( 3 )]
position = Vector2( 608, 224 )
rotation = 1.5708
scale = Vector2( 0.2, 0.0799951 )

[node name="10" parent="walls/row_3/right" instance=ExtResource( 3 )]
position = Vector2( 672, 224 )
rotation = 1.5708
scale = Vector2( 0.2, 0.0799951 )

[node name="11" parent="walls/row_3/right" instance=ExtResource( 3 )]
position = Vector2( 736, 224 )
rotation = 1.5708
scale = Vector2( 0.2, 0.0799951 )

[node name="12" parent="walls/row_3/right" instance=ExtResource( 3 )]
position = Vector2( 800, 224 )
rotation = 1.5708
scale = Vector2( 0.2, 0.0799951 )

[node name="13" parent="walls/row_3/right" instance=ExtResource( 3 )]
position = Vector2( 864, 224 )
rotation = 1.5708
scale = Vector2( 0.2, 0.0799951 )

[node name="14" parent="walls/row_3/right" instance=ExtResource( 3 )]
position = Vector2( 928, 224 )
rotation = 1.5708
scale = Vector2( 0.2, 0.0799951 )

[node name="bottom" type="Node" parent="walls/row_3"]

[node name="1" parent="walls/row_3/bottom" instance=ExtResource( 3 )]
position = Vector2( 64, 256 )
scale = Vector2( 0.2, 0.0799951 )

[node name="2" parent="walls/row_3/bottom" instance=ExtResource( 3 )]
position = Vector2( 128, 256 )
scale = Vector2( 0.2, 0.0799951 )

[node name="3" parent="walls/row_3/bottom" instance=ExtResource( 3 )]
position = Vector2( 192, 256 )
scale = Vector2( 0.2, 0.0799951 )

[node name="4" parent="walls/row_3/bottom" instance=ExtResource( 3 )]
position = Vector2( 256, 256 )
scale = Vector2( 0.2, 0.0799951 )

[node name="5" parent="walls/row_3/bottom" instance=ExtResource( 3 )]
position = Vector2( 320, 256 )
scale = Vector2( 0.2, 0.0799951 )

[node name="6" parent="walls/row_3/bottom" instance=ExtResource( 3 )]
position = Vector2( 384, 256 )
scale = Vector2( 0.2, 0.0799951 )

[node name="7" parent="walls/row_3/bottom" instance=ExtResource( 3 )]
position = Vector2( 448, 256 )
scale = Vector2( 0.2, 0.0799951 )

[node name="8" parent="walls/row_3/bottom" instance=ExtResource( 3 )]
position = Vector2( 512, 256 )
scale = Vector2( 0.2, 0.0799951 )

[node name="9" parent="walls/row_3/bottom" instance=ExtResource( 3 )]
position = Vector2( 576, 256 )
scale = Vector2( 0.2, 0.0799951 )

[node name="10" parent="walls/row_3/bottom" instance=ExtResource( 3 )]
position = Vector2( 640, 256 )
scale = Vector2( 0.2, 0.0799951 )

[node name="11" parent="walls/row_3/bottom" instance=ExtResource( 3 )]
position = Vector2( 704, 256 )
scale = Vector2( 0.2, 0.0799951 )

[node name="12" parent="walls/row_3/bottom" instance=ExtResource( 3 )]
position = Vector2( 768, 256 )
scale = Vector2( 0.2, 0.0799951 )

[node name="13" parent="walls/row_3/bottom" instance=ExtResource( 3 )]
position = Vector2( 832, 256 )
scale = Vector2( 0.2, 0.0799951 )

[node name="14" parent="walls/row_3/bottom" instance=ExtResource( 3 )]
position = Vector2( 896, 256 )
scale = Vector2( 0.2, 0.0799951 )

[node name="15" parent="walls/row_3/bottom" instance=ExtResource( 3 )]
position = Vector2( 960, 256 )
scale = Vector2( 0.2, 0.0799951 )

[node name="row_4" type="Node" parent="walls"]

[node name="right" type="Node" parent="walls/row_4"]

[node name="1" parent="walls/row_4/right" instance=ExtResource( 3 )]
position = Vector2( 96, 288 )
rotation = 1.5708
scale = Vector2( 0.2, 0.0799951 )

[node name="2" parent="walls/row_4/right" instance=ExtResource( 3 )]
position = Vector2( 160, 288 )
rotation = 1.5708
scale = Vector2( 0.2, 0.0799951 )

[node name="3" parent="walls/row_4/right" instance=ExtResource( 3 )]
position = Vector2( 224, 288 )
rotation = 1.5708
scale = Vector2( 0.2, 0.0799951 )

[node name="4" parent="walls/row_4/right" instance=ExtResource( 3 )]
position = Vector2( 288, 288 )
rotation = 1.5708
scale = Vector2( 0.2, 0.0799951 )

[node name="5" parent="walls/row_4/right" instance=ExtResource( 3 )]
position = Vector2( 352, 288 )
rotation = 1.5708
scale = Vector2( 0.2, 0.0799951 )

[node name="6" parent="walls/row_4/right" instance=ExtResource( 3 )]
position = Vector2( 416, 288 )
rotation = 1.5708
scale = Vector2( 0.2, 0.0799951 )

[node name="7" parent="walls/row_4/right" instance=ExtResource( 3 )]
position = Vector2( 480, 288 )
rotation = 1.5708
scale = Vector2( 0.2, 0.0799951 )

[node name="8" parent="walls/row_4/right" instance=ExtResource( 3 )]
position = Vector2( 544, 288 )
rotation = 1.5708
scale = Vector2( 0.2, 0.0799951 )

[node name="9" parent="walls/row_4/right" instance=ExtResource( 3 )]
position = Vector2( 608, 288 )
rotation = 1.5708
scale = Vector2( 0.2, 0.0799951 )

[node name="10" parent="walls/row_4/right" instance=ExtResource( 3 )]
position = Vector2( 672, 288 )
rotation = 1.5708
scale = Vector2( 0.2, 0.0799951 )

[node name="11" parent="walls/row_4/right" instance=ExtResource( 3 )]
position = Vector2( 736, 288 )
rotation = 1.5708
scale = Vector2( 0.2, 0.0799951 )

[node name="12" parent="walls/row_4/right" instance=ExtResource( 3 )]
position = Vector2( 800, 288 )
rotation = 1.5708
scale = Vector2( 0.2, 0.0799951 )

[node name="13" parent="walls/row_4/right" instance=ExtResource( 3 )]
position = Vector2( 864, 288 )
rotation = 1.5708
scale = Vector2( 0.2, 0.0799951 )

[node name="14" parent="walls/row_4/right" instance=ExtResource( 3 )]
position = Vector2( 928, 288 )
rotation = 1.5708
scale = Vector2( 0.2, 0.0799951 )

[node name="bottom" type="Node" parent="walls/row_4"]

[node name="1" parent="walls/row_4/bottom" instance=ExtResource( 3 )]
position = Vector2( 64, 320 )
scale = Vector2( 0.2, 0.0799951 )

[node name="2" parent="walls/row_4/bottom" instance=ExtResource( 3 )]
position = Vector2( 128, 320 )
scale = Vector2( 0.2, 0.0799951 )

[node name="3" parent="walls/row_4/bottom" instance=ExtResource( 3 )]
position = Vector2( 192, 320 )
scale = Vector2( 0.2, 0.0799951 )

[node name="4" parent="walls/row_4/bottom" instance=ExtResource( 3 )]
position = Vector2( 256, 320 )
scale = Vector2( 0.2, 0.0799951 )

[node name="5" parent="walls/row_4/bottom" instance=ExtResource( 3 )]
position = Vector2( 320, 320 )
scale = Vector2( 0.2, 0.0799951 )

[node name="6" parent="walls/row_4/bottom" instance=ExtResource( 3 )]
position = Vector2( 384, 320 )
scale = Vector2( 0.2, 0.0799951 )

[node name="7" parent="walls/row_4/bottom" instance=ExtResource( 3 )]
position = Vector2( 448, 320 )
scale = Vector2( 0.2, 0.0799951 )

[node name="8" parent="walls/row_4/bottom" instance=ExtResource( 3 )]
position = Vector2( 512, 320 )
scale = Vector2( 0.2, 0.0799951 )

[node name="9" parent="walls/row_4/bottom" instance=ExtResource( 3 )]
position = Vector2( 576, 320 )
scale = Vector2( 0.2, 0.0799951 )

[node name="10" parent="walls/row_4/bottom" instance=ExtResource( 3 )]
position = Vector2( 640, 320 )
scale = Vector2( 0.2, 0.0799951 )

[node name="11" parent="walls/row_4/bottom" instance=ExtResource( 3 )]
position = Vector2( 704, 320 )
scale = Vector2( 0.2, 0.0799951 )

[node name="12" parent="walls/row_4/bottom" instance=ExtResource( 3 )]
position = Vector2( 768, 320 )
scale = Vector2( 0.2, 0.0799951 )

[node name="13" parent="walls/row_4/bottom" instance=ExtResource( 3 )]
position = Vector2( 832, 320 )
scale = Vector2( 0.2, 0.0799951 )

[node name="14" parent="walls/row_4/bottom" instance=ExtResource( 3 )]
position = Vector2( 896, 320 )
scale = Vector2( 0.2, 0.0799951 )

[node name="15" parent="walls/row_4/bottom" instance=ExtResource( 3 )]
position = Vector2( 960, 320 )
scale = Vector2( 0.2, 0.0799951 )

[node name="row_5" type="Node" parent="walls"]

[node name="right" type="Node" parent="walls/row_5"]

[node name="1" parent="walls/row_5/right" instance=ExtResource( 3 )]
position = Vector2( 96, 352 )
rotation = 1.5708
scale = Vector2( 0.2, 0.0799951 )

[node name="2" parent="walls/row_5/right" instance=ExtResource( 3 )]
position = Vector2( 160, 352 )
rotation = 1.5708
scale = Vector2( 0.2, 0.0799951 )

[node name="3" parent="walls/row_5/right" instance=ExtResource( 3 )]
position = Vector2( 224, 352 )
rotation = 1.5708
scale = Vector2( 0.2, 0.0799951 )

[node name="4" parent="walls/row_5/right" instance=ExtResource( 3 )]
position = Vector2( 288, 352 )
rotation = 1.5708
scale = Vector2( 0.2, 0.0799951 )

[node name="5" parent="walls/row_5/right" instance=ExtResource( 3 )]
position = Vector2( 352, 352 )
rotation = 1.5708
scale = Vector2( 0.2, 0.0799951 )

[node name="6" parent="walls/row_5/right" instance=ExtResource( 3 )]
position = Vector2( 416, 352 )
rotation = 1.5708
scale = Vector2( 0.2, 0.0799951 )

[node name="7" parent="walls/row_5/right" instance=ExtResource( 3 )]
position = Vector2( 480, 352 )
rotation = 1.5708
scale = Vector2( 0.2, 0.0799951 )

[node name="8" parent="walls/row_5/right" instance=ExtResource( 3 )]
position = Vector2( 544, 352 )
rotation = 1.5708
scale = Vector2( 0.2, 0.0799951 )

[node name="9" parent="walls/row_5/right" instance=ExtResource( 3 )]
position = Vector2( 608, 352 )
rotation = 1.5708
scale = Vector2( 0.2, 0.0799951 )

[node name="10" parent="walls/row_5/right" instance=ExtResource( 3 )]
position = Vector2( 672, 352 )
rotation = 1.5708
scale = Vector2( 0.2, 0.0799951 )

[node name="11" parent="walls/row_5/right" instance=ExtResource( 3 )]
position = Vector2( 736, 352 )
rotation = 1.5708
scale = Vector2( 0.2, 0.0799951 )

[node name="12" parent="walls/row_5/right" instance=ExtResource( 3 )]
position = Vector2( 800, 352 )
rotation = 1.5708
scale = Vector2( 0.2, 0.0799951 )

[node name="13" parent="walls/row_5/right" instance=ExtResource( 3 )]
position = Vector2( 864, 352 )
rotation = 1.5708
scale = Vector2( 0.2, 0.0799951 )

[node name="14" parent="walls/row_5/right" instance=ExtResource( 3 )]
position = Vector2( 928, 352 )
rotation = 1.5708
scale = Vector2( 0.2, 0.0799951 )

[node name="bottom" type="Node" parent="walls/row_5"]

[node name="1" parent="walls/row_5/bottom" instance=ExtResource( 3 )]
position = Vector2( 64, 384 )
scale = Vector2( 0.2, 0.0799951 )

[node name="2" parent="walls/row_5/bottom" instance=ExtResource( 3 )]
position = Vector2( 128, 384 )
scale = Vector2( 0.2, 0.0799951 )

[node name="3" parent="walls/row_5/bottom" instance=ExtResource( 3 )]
position = Vector2( 192, 384 )
scale = Vector2( 0.2, 0.0799951 )

[node name="4" parent="walls/row_5/bottom" instance=ExtResource( 3 )]
position = Vector2( 256, 384 )
scale = Vector2( 0.2, 0.0799951 )

[node name="5" parent="walls/row_5/bottom" instance=ExtResource( 3 )]
position = Vector2( 320, 384 )
scale = Vector2( 0.2, 0.0799951 )

[node name="6" parent="walls/row_5/bottom" instance=ExtResource( 3 )]
position = Vector2( 384, 384 )
scale = Vector2( 0.2, 0.0799951 )

[node name="7" parent="walls/row_5/bottom" instance=ExtResource( 3 )]
position = Vector2( 448, 384 )
scale = Vector2( 0.2, 0.0799951 )

[node name="8" parent="walls/row_5/bottom" instance=ExtResource( 3 )]
position = Vector2( 512, 384 )
scale = Vector2( 0.2, 0.0799951 )

[node name="9" parent="walls/row_5/bottom" instance=ExtResource( 3 )]
position = Vector2( 576, 384 )
scale = Vector2( 0.2, 0.0799951 )

[node name="10" parent="walls/row_5/bottom" instance=ExtResource( 3 )]
position = Vector2( 640, 384 )
scale = Vector2( 0.2, 0.0799951 )

[node name="11" parent="walls/row_5/bottom" instance=ExtResource( 3 )]
position = Vector2( 704, 384 )
scale = Vector2( 0.2, 0.0799951 )

[node name="12" parent="walls/row_5/bottom" instance=ExtResource( 3 )]
position = Vector2( 768, 384 )
scale = Vector2( 0.2, 0.0799951 )

[node name="13" parent="walls/row_5/bottom" instance=ExtResource( 3 )]
position = Vector2( 832, 384 )
scale = Vector2( 0.2, 0.0799951 )

[node name="14" parent="walls/row_5/bottom" instance=ExtResource( 3 )]
position = Vector2( 896, 384 )
scale = Vector2( 0.2, 0.0799951 )

[node name="15" parent="walls/row_5/bottom" instance=ExtResource( 3 )]
position = Vector2( 960, 384 )
scale = Vector2( 0.2, 0.0799951 )

[node name="row_6" type="Node" parent="walls"]

[node name="right" type="Node" parent="walls/row_6"]

[node name="1" parent="walls/row_6/right" instance=ExtResource( 3 )]
position = Vector2( 96, 416 )
rotation = 1.5708
scale = Vector2( 0.2, 0.0799951 )

[node name="2" parent="walls/row_6/right" instance=ExtResource( 3 )]
position = Vector2( 160, 416 )
rotation = 1.5708
scale = Vector2( 0.2, 0.0799951 )

[node name="3" parent="walls/row_6/right" instance=ExtResource( 3 )]
position = Vector2( 224, 416 )
rotation = 1.5708
scale = Vector2( 0.2, 0.0799951 )

[node name="4" parent="walls/row_6/right" instance=ExtResource( 3 )]
position = Vector2( 288, 416 )
rotation = 1.5708
scale = Vector2( 0.2, 0.0799951 )

[node name="5" parent="walls/row_6/right" instance=ExtResource( 3 )]
position = Vector2( 352, 416 )
rotation = 1.5708
scale = Vector2( 0.2, 0.0799951 )

[node name="6" parent="walls/row_6/right" instance=ExtResource( 3 )]
position = Vector2( 416, 416 )
rotation = 1.5708
scale = Vector2( 0.2, 0.0799951 )

[node name="7" parent="walls/row_6/right" instance=ExtResource( 3 )]
position = Vector2( 480, 416 )
rotation = 1.5708
scale = Vector2( 0.2, 0.0799951 )

[node name="8" parent="walls/row_6/right" instance=ExtResource( 3 )]
position = Vector2( 544, 416 )
rotation = 1.5708
scale = Vector2( 0.2, 0.0799951 )

[node name="9" parent="walls/row_6/right" instance=ExtResource( 3 )]
position = Vector2( 608, 416 )
rotation = 1.5708
scale = Vector2( 0.2, 0.0799951 )

[node name="10" parent="walls/row_6/right" instance=ExtResource( 3 )]
position = Vector2( 672, 416 )
rotation = 1.5708
scale = Vector2( 0.2, 0.0799951 )

[node name="11" parent="walls/row_6/right" instance=ExtResource( 3 )]
position = Vector2( 736, 416 )
rotation = 1.5708
scale = Vector2( 0.2, 0.0799951 )

[node name="12" parent="walls/row_6/right" instance=ExtResource( 3 )]
position = Vector2( 800, 416 )
rotation = 1.5708
scale = Vector2( 0.2, 0.0799951 )

[node name="13" parent="walls/row_6/right" instance=ExtResource( 3 )]
position = Vector2( 864, 416 )
rotation = 1.5708
scale = Vector2( 0.2, 0.0799951 )

[node name="14" parent="walls/row_6/right" instance=ExtResource( 3 )]
position = Vector2( 928, 416 )
rotation = 1.5708
scale = Vector2( 0.2, 0.0799951 )

[node name="bottom" type="Node" parent="walls/row_6"]

[node name="1" parent="walls/row_6/bottom" instance=ExtResource( 3 )]
position = Vector2( 64, 448 )
scale = Vector2( 0.2, 0.0799951 )

[node name="2" parent="walls/row_6/bottom" instance=ExtResource( 3 )]
position = Vector2( 128, 448 )
scale = Vector2( 0.2, 0.0799951 )

[node name="3" parent="walls/row_6/bottom" instance=ExtResource( 3 )]
position = Vector2( 192, 448 )
scale = Vector2( 0.2, 0.0799951 )

[node name="4" parent="walls/row_6/bottom" instance=ExtResource( 3 )]
position = Vector2( 256, 448 )
scale = Vector2( 0.2, 0.0799951 )

[node name="5" parent="walls/row_6/bottom" instance=ExtResource( 3 )]
position = Vector2( 320, 448 )
scale = Vector2( 0.2, 0.0799951 )

[node name="6" parent="walls/row_6/bottom" instance=ExtResource( 3 )]
position = Vector2( 384, 448 )
scale = Vector2( 0.2, 0.0799951 )

[node name="7" parent="walls/row_6/bottom" instance=ExtResource( 3 )]
position = Vector2( 448, 448 )
scale = Vector2( 0.2, 0.0799951 )

[node name="8" parent="walls/row_6/bottom" instance=ExtResource( 3 )]
position = Vector2( 512, 448 )
scale = Vector2( 0.2, 0.0799951 )

[node name="9" parent="walls/row_6/bottom" instance=ExtResource( 3 )]
position = Vector2( 576, 448 )
scale = Vector2( 0.2, 0.0799951 )

[node name="10" parent="walls/row_6/bottom" instance=ExtResource( 3 )]
position = Vector2( 640, 448 )
scale = Vector2( 0.2, 0.0799951 )

[node name="11" parent="walls/row_6/bottom" instance=ExtResource( 3 )]
position = Vector2( 704, 448 )
scale = Vector2( 0.2, 0.0799951 )

[node name="12" parent="walls/row_6/bottom" instance=ExtResource( 3 )]
position = Vector2( 768, 448 )
scale = Vector2( 0.2, 0.0799951 )

[node name="13" parent="walls/row_6/bottom" instance=ExtResource( 3 )]
position = Vector2( 832, 448 )
scale = Vector2( 0.2, 0.0799951 )

[node name="14" parent="walls/row_6/bottom" instance=ExtResource( 3 )]
position = Vector2( 896, 448 )
scale = Vector2( 0.2, 0.0799951 )

[node name="15" parent="walls/row_6/bottom" instance=ExtResource( 3 )]
position = Vector2( 960, 448 )
scale = Vector2( 0.2, 0.0799951 )

[node name="row_7" type="Node" parent="walls"]

[node name="right" type="Node" parent="walls/row_7"]

[node name="1" parent="walls/row_7/right" instance=ExtResource( 3 )]
position = Vector2( 96, 480 )
rotation = 1.5708
scale = Vector2( 0.2, 0.0799951 )

[node name="2" parent="walls/row_7/right" instance=ExtResource( 3 )]
position = Vector2( 160, 480 )
rotation = 1.5708
scale = Vector2( 0.2, 0.0799951 )

[node name="3" parent="walls/row_7/right" instance=ExtResource( 3 )]
position = Vector2( 224, 480 )
rotation = 1.5708
scale = Vector2( 0.2, 0.0799951 )

[node name="4" parent="walls/row_7/right" instance=ExtResource( 3 )]
position = Vector2( 288, 480 )
rotation = 1.5708
scale = Vector2( 0.2, 0.0799951 )

[node name="5" parent="walls/row_7/right" instance=ExtResource( 3 )]
position = Vector2( 352, 480 )
rotation = 1.5708
scale = Vector2( 0.2, 0.0799951 )

[node name="6" parent="walls/row_7/right" instance=ExtResource( 3 )]
position = Vector2( 416, 480 )
rotation = 1.5708
scale = Vector2( 0.2, 0.0799951 )

[node name="7" parent="walls/row_7/right" instance=ExtResource( 3 )]
position = Vector2( 480, 480 )
rotation = 1.5708
scale = Vector2( 0.2, 0.0799951 )

[node name="8" parent="walls/row_7/right" instance=ExtResource( 3 )]
position = Vector2( 544, 480 )
rotation = 1.5708
scale = Vector2( 0.2, 0.0799951 )

[node name="9" parent="walls/row_7/right" instance=ExtResource( 3 )]
position = Vector2( 608, 480 )
rotation = 1.5708
scale = Vector2( 0.2, 0.0799951 )

[node name="10" parent="walls/row_7/right" instance=ExtResource( 3 )]
position = Vector2( 672, 480 )
rotation = 1.5708
scale = Vector2( 0.2, 0.0799951 )

[node name="11" parent="walls/row_7/right" instance=ExtResource( 3 )]
position = Vector2( 736, 480 )
rotation = 1.5708
scale = Vector2( 0.2, 0.0799951 )

[node name="12" parent="walls/row_7/right" instance=ExtResource( 3 )]
position = Vector2( 800, 480 )
rotation = 1.5708
scale = Vector2( 0.2, 0.0799951 )

[node name="13" parent="walls/row_7/right" instance=ExtResource( 3 )]
position = Vector2( 864, 480 )
rotation = 1.5708
scale = Vector2( 0.2, 0.0799951 )

[node name="14" parent="walls/row_7/right" instance=ExtResource( 3 )]
position = Vector2( 928, 480 )
rotation = 1.5708
scale = Vector2( 0.2, 0.0799951 )

[node name="bottom" type="Node" parent="walls/row_7"]

[node name="1" parent="walls/row_7/bottom" instance=ExtResource( 3 )]
position = Vector2( 64, 512 )
scale = Vector2( 0.2, 0.0799951 )

[node name="2" parent="walls/row_7/bottom" instance=ExtResource( 3 )]
position = Vector2( 128, 512 )
scale = Vector2( 0.2, 0.0799951 )

[node name="3" parent="walls/row_7/bottom" instance=ExtResource( 3 )]
position = Vector2( 192, 512 )
scale = Vector2( 0.2, 0.0799951 )

[node name="4" parent="walls/row_7/bottom" instance=ExtResource( 3 )]
position = Vector2( 256, 512 )
scale = Vector2( 0.2, 0.0799951 )

[node name="5" parent="walls/row_7/bottom" instance=ExtResource( 3 )]
position = Vector2( 320, 512 )
scale = Vector2( 0.2, 0.0799951 )

[node name="6" parent="walls/row_7/bottom" instance=ExtResource( 3 )]
position = Vector2( 384, 512 )
scale = Vector2( 0.2, 0.0799951 )

[node name="7" parent="walls/row_7/bottom" instance=ExtResource( 3 )]
position = Vector2( 448, 512 )
scale = Vector2( 0.2, 0.0799951 )

[node name="8" parent="walls/row_7/bottom" instance=ExtResource( 3 )]
position = Vector2( 512, 512 )
scale = Vector2( 0.2, 0.0799951 )

[node name="9" parent="walls/row_7/bottom" instance=ExtResource( 3 )]
position = Vector2( 576, 512 )
scale = Vector2( 0.2, 0.0799951 )

[node name="10" parent="walls/row_7/bottom" instance=ExtResource( 3 )]
position = Vector2( 640, 512 )
scale = Vector2( 0.2, 0.0799951 )

[node name="11" parent="walls/row_7/bottom" instance=ExtResource( 3 )]
position = Vector2( 704, 512 )
scale = Vector2( 0.2, 0.0799951 )

[node name="12" parent="walls/row_7/bottom" instance=ExtResource( 3 )]
position = Vector2( 768, 512 )
scale = Vector2( 0.2, 0.0799951 )

[node name="13" parent="walls/row_7/bottom" instance=ExtResource( 3 )]
position = Vector2( 832, 512 )
scale = Vector2( 0.2, 0.0799951 )

[node name="14" parent="walls/row_7/bottom" instance=ExtResource( 3 )]
position = Vector2( 896, 512 )
scale = Vector2( 0.2, 0.0799951 )

[node name="15" parent="walls/row_7/bottom" instance=ExtResource( 3 )]
position = Vector2( 960, 512 )
scale = Vector2( 0.2, 0.0799951 )

[node name="row_8" type="Node" parent="walls"]

[node name="right" type="Node" parent="walls/row_8"]

[node name="1" parent="walls/row_8/right" instance=ExtResource( 3 )]
position = Vector2( 96, 544 )
rotation = 1.5708
scale = Vector2( 0.2, 0.0799951 )

[node name="2" parent="walls/row_8/right" instance=ExtResource( 3 )]
position = Vector2( 160, 544 )
rotation = 1.5708
scale = Vector2( 0.2, 0.0799951 )

[node name="3" parent="walls/row_8/right" instance=ExtResource( 3 )]
position = Vector2( 224, 544 )
rotation = 1.5708
scale = Vector2( 0.2, 0.0799951 )

[node name="4" parent="walls/row_8/right" instance=ExtResource( 3 )]
position = Vector2( 288, 544 )
rotation = 1.5708
scale = Vector2( 0.2, 0.0799951 )

[node name="5" parent="walls/row_8/right" instance=ExtResource( 3 )]
position = Vector2( 352, 544 )
rotation = 1.5708
scale = Vector2( 0.2, 0.0799951 )

[node name="6" parent="walls/row_8/right" instance=ExtResource( 3 )]
position = Vector2( 416, 544 )
rotation = 1.5708
scale = Vector2( 0.2, 0.0799951 )

[node name="7" parent="walls/row_8/right" instance=ExtResource( 3 )]
position = Vector2( 480, 544 )
rotation = 1.5708
scale = Vector2( 0.2, 0.0799951 )

[node name="8" parent="walls/row_8/right" instance=ExtResource( 3 )]
position = Vector2( 544, 544 )
rotation = 1.5708
scale = Vector2( 0.2, 0.0799951 )

[node name="9" parent="walls/row_8/right" instance=ExtResource( 3 )]
position = Vector2( 608, 544 )
rotation = 1.5708
scale = Vector2( 0.2, 0.0799951 )

[node name="10" parent="walls/row_8/right" instance=ExtResource( 3 )]
position = Vector2( 672, 544 )
rotation = 1.5708
scale = Vector2( 0.2, 0.0799951 )

[node name="11" parent="walls/row_8/right" instance=ExtResource( 3 )]
position = Vector2( 736, 544 )
rotation = 1.5708
scale = Vector2( 0.2, 0.0799951 )

[node name="12" parent="walls/row_8/right" instance=ExtResource( 3 )]
position = Vector2( 800, 544 )
rotation = 1.5708
scale = Vector2( 0.2, 0.0799951 )

[node name="13" parent="walls/row_8/right" instance=ExtResource( 3 )]
position = Vector2( 864, 544 )
rotation = 1.5708
scale = Vector2( 0.2, 0.0799951 )

[node name="14" parent="walls/row_8/right" instance=ExtResource( 3 )]
position = Vector2( 928, 544 )
rotation = 1.5708
scale = Vector2( 0.2, 0.0799951 )

[node name="centers" type="Node" parent="."]

[node name="row_1" type="Node" parent="centers"]

[node name="1" type="Position2D" parent="centers/row_1"]
position = Vector2( 64, 96 )

[node name="2" type="Position2D" parent="centers/row_1"]
position = Vector2( 128, 96 )

[node name="3" type="Position2D" parent="centers/row_1"]
position = Vector2( 192, 96 )

[node name="4" type="Position2D" parent="centers/row_1"]
position = Vector2( 256, 96 )

[node name="5" type="Position2D" parent="centers/row_1"]
position = Vector2( 320, 96 )

[node name="6" type="Position2D" parent="centers/row_1"]
position = Vector2( 384, 96 )

[node name="7" type="Position2D" parent="centers/row_1"]
position = Vector2( 448, 96 )

[node name="8" type="Position2D" parent="centers/row_1"]
position = Vector2( 512, 96 )

[node name="9" type="Position2D" parent="centers/row_1"]
position = Vector2( 576, 96 )

[node name="10" type="Position2D" parent="centers/row_1"]
position = Vector2( 640, 96 )

[node name="11" type="Position2D" parent="centers/row_1"]
position = Vector2( 704, 96 )

[node name="12" type="Position2D" parent="centers/row_1"]
position = Vector2( 768, 96 )

[node name="13" type="Position2D" parent="centers/row_1"]
position = Vector2( 832, 96 )

[node name="14" type="Position2D" parent="centers/row_1"]
position = Vector2( 896, 96 )

[node name="15" type="Position2D" parent="centers/row_1"]
position = Vector2( 960, 96 )

[node name="row_2" type="Node" parent="centers"]

[node name="1" type="Position2D" parent="centers/row_2"]
position = Vector2( 64, 160 )

[node name="2" type="Position2D" parent="centers/row_2"]
position = Vector2( 128, 160 )

[node name="3" type="Position2D" parent="centers/row_2"]
position = Vector2( 192, 160 )

[node name="4" type="Position2D" parent="centers/row_2"]
position = Vector2( 256, 160 )

[node name="5" type="Position2D" parent="centers/row_2"]
position = Vector2( 320, 160 )

[node name="6" type="Position2D" parent="centers/row_2"]
position = Vector2( 384, 160 )

[node name="7" type="Position2D" parent="centers/row_2"]
position = Vector2( 448, 160 )

[node name="8" type="Position2D" parent="centers/row_2"]
position = Vector2( 512, 160 )

[node name="9" type="Position2D" parent="centers/row_2"]
position = Vector2( 576, 160 )

[node name="10" type="Position2D" parent="centers/row_2"]
position = Vector2( 640, 160 )

[node name="11" type="Position2D" parent="centers/row_2"]
position = Vector2( 704, 160 )

[node name="12" type="Position2D" parent="centers/row_2"]
position = Vector2( 768, 160 )

[node name="13" type="Position2D" parent="centers/row_2"]
position = Vector2( 832, 160 )

[node name="14" type="Position2D" parent="centers/row_2"]
position = Vector2( 896, 160 )

[node name="15" type="Position2D" parent="centers/row_2"]
position = Vector2( 960, 160 )

[node name="row_3" type="Node" parent="centers"]

[node name="1" type="Position2D" parent="centers/row_3"]
position = Vector2( 64, 224 )

[node name="2" type="Position2D" parent="centers/row_3"]
position = Vector2( 128, 224 )

[node name="3" type="Position2D" parent="centers/row_3"]
position = Vector2( 192, 224 )

[node name="4" type="Position2D" parent="centers/row_3"]
position = Vector2( 256, 224 )

[node name="5" type="Position2D" parent="centers/row_3"]
position = Vector2( 320, 224 )

[node name="6" type="Position2D" parent="centers/row_3"]
position = Vector2( 384, 224 )

[node name="7" type="Position2D" parent="centers/row_3"]
position = Vector2( 448, 224 )

[node name="8" type="Position2D" parent="centers/row_3"]
position = Vector2( 512, 224 )

[node name="9" type="Position2D" parent="centers/row_3"]
position = Vector2( 576, 224 )

[node name="10" type="Position2D" parent="centers/row_3"]
position = Vector2( 640, 224 )

[node name="11" type="Position2D" parent="centers/row_3"]
position = Vector2( 704, 224 )

[node name="12" type="Position2D" parent="centers/row_3"]
position = Vector2( 768, 224 )

[node name="13" type="Position2D" parent="centers/row_3"]
position = Vector2( 832, 224 )

[node name="14" type="Position2D" parent="centers/row_3"]
position = Vector2( 896, 224 )

[node name="15" type="Position2D" parent="centers/row_3"]
position = Vector2( 960, 224 )

[node name="row_4" type="Node" parent="centers"]

[node name="1" type="Position2D" parent="centers/row_4"]
position = Vector2( 65, 288 )

[node name="2" type="Position2D" parent="centers/row_4"]
position = Vector2( 129, 288 )

[node name="3" type="Position2D" parent="centers/row_4"]
position = Vector2( 193, 288 )

[node name="4" type="Position2D" parent="centers/row_4"]
position = Vector2( 257, 288 )

[node name="5" type="Position2D" parent="centers/row_4"]
position = Vector2( 321, 288 )

[node name="6" type="Position2D" parent="centers/row_4"]
position = Vector2( 385, 288 )

[node name="7" type="Position2D" parent="centers/row_4"]
position = Vector2( 449, 288 )

[node name="8" type="Position2D" parent="centers/row_4"]
position = Vector2( 513, 288 )

[node name="9" type="Position2D" parent="centers/row_4"]
position = Vector2( 577, 288 )

[node name="10" type="Position2D" parent="centers/row_4"]
position = Vector2( 641, 288 )

[node name="11" type="Position2D" parent="centers/row_4"]
position = Vector2( 705, 288 )

[node name="12" type="Position2D" parent="centers/row_4"]
position = Vector2( 769, 288 )

[node name="13" type="Position2D" parent="centers/row_4"]
position = Vector2( 833, 288 )

[node name="14" type="Position2D" parent="centers/row_4"]
position = Vector2( 897, 288 )

[node name="15" type="Position2D" parent="centers/row_4"]
position = Vector2( 961, 288 )

[node name="row_5" type="Node" parent="centers"]

[node name="1" type="Position2D" parent="centers/row_5"]
position = Vector2( 65, 352 )

[node name="2" type="Position2D" parent="centers/row_5"]
position = Vector2( 129, 352 )

[node name="3" type="Position2D" parent="centers/row_5"]
position = Vector2( 193, 352 )

[node name="4" type="Position2D" parent="centers/row_5"]
position = Vector2( 257, 352 )

[node name="5" type="Position2D" parent="centers/row_5"]
position = Vector2( 321, 352 )

[node name="6" type="Position2D" parent="centers/row_5"]
position = Vector2( 385, 352 )

[node name="7" type="Position2D" parent="centers/row_5"]
position = Vector2( 449, 352 )

[node name="8" type="Position2D" parent="centers/row_5"]
position = Vector2( 513, 352 )

[node name="9" type="Position2D" parent="centers/row_5"]
position = Vector2( 577, 352 )

[node name="10" type="Position2D" parent="centers/row_5"]
position = Vector2( 641, 352 )

[node name="11" type="Position2D" parent="centers/row_5"]
position = Vector2( 705, 352 )

[node name="12" type="Position2D" parent="centers/row_5"]
position = Vector2( 769, 352 )

[node name="13" type="Position2D" parent="centers/row_5"]
position = Vector2( 833, 352 )

[node name="14" type="Position2D" parent="centers/row_5"]
position = Vector2( 897, 352 )

[node name="15" type="Position2D" parent="centers/row_5"]
position = Vector2( 961, 352 )

[node name="row_6" type="Node" parent="centers"]

[node name="1" type="Position2D" parent="centers/row_6"]
position = Vector2( 65, 416 )

[node name="2" type="Position2D" parent="centers/row_6"]
position = Vector2( 129, 416 )

[node name="3" type="Position2D" parent="centers/row_6"]
position = Vector2( 193, 416 )

[node name="4" type="Position2D" parent="centers/row_6"]
position = Vector2( 257, 416 )

[node name="5" type="Position2D" parent="centers/row_6"]
position = Vector2( 321, 416 )

[node name="6" type="Position2D" parent="centers/row_6"]
position = Vector2( 385, 416 )

[node name="7" type="Position2D" parent="centers/row_6"]
position = Vector2( 449, 416 )

[node name="8" type="Position2D" parent="centers/row_6"]
position = Vector2( 513, 416 )

[node name="9" type="Position2D" parent="centers/row_6"]
position = Vector2( 577, 416 )

[node name="10" type="Position2D" parent="centers/row_6"]
position = Vector2( 641, 416 )

[node name="11" type="Position2D" parent="centers/row_6"]
position = Vector2( 705, 416 )

[node name="12" type="Position2D" parent="centers/row_6"]
position = Vector2( 769, 416 )

[node name="13" type="Position2D" parent="centers/row_6"]
position = Vector2( 833, 416 )

[node name="14" type="Position2D" parent="centers/row_6"]
position = Vector2( 897, 416 )

[node name="15" type="Position2D" parent="centers/row_6"]
position = Vector2( 961, 416 )

[node name="row_7" type="Node" parent="centers"]

[node name="1" type="Position2D" parent="centers/row_7"]
position = Vector2( 64, 480 )

[node name="2" type="Position2D" parent="centers/row_7"]
position = Vector2( 128, 480 )

[node name="3" type="Position2D" parent="centers/row_7"]
position = Vector2( 192, 480 )

[node name="4" type="Position2D" parent="centers/row_7"]
position = Vector2( 256, 480 )

[node name="5" type="Position2D" parent="centers/row_7"]
position = Vector2( 320, 480 )

[node name="6" type="Position2D" parent="centers/row_7"]
position = Vector2( 384, 480 )

[node name="7" type="Position2D" parent="centers/row_7"]
position = Vector2( 448, 480 )

[node name="8" type="Position2D" parent="centers/row_7"]
position = Vector2( 512, 480 )

[node name="9" type="Position2D" parent="centers/row_7"]
position = Vector2( 576, 480 )

[node name="10" type="Position2D" parent="centers/row_7"]
position = Vector2( 640, 480 )

[node name="11" type="Position2D" parent="centers/row_7"]
position = Vector2( 704, 480 )

[node name="12" type="Position2D" parent="centers/row_7"]
position = Vector2( 768, 480 )

[node name="13" type="Position2D" parent="centers/row_7"]
position = Vector2( 832, 480 )

[node name="14" type="Position2D" parent="centers/row_7"]
position = Vector2( 896, 480 )

[node name="15" type="Position2D" parent="centers/row_7"]
position = Vector2( 960, 480 )

[node name="row_8" type="Node" parent="centers"]

[node name="1" type="Position2D" parent="centers/row_8"]
position = Vector2( 64, 544 )

[node name="2" type="Position2D" parent="centers/row_8"]
position = Vector2( 128, 544 )

[node name="3" type="Position2D" parent="centers/row_8"]
position = Vector2( 192, 544 )

[node name="4" type="Position2D" parent="centers/row_8"]
position = Vector2( 256, 544 )

[node name="5" type="Position2D" parent="centers/row_8"]
position = Vector2( 320, 544 )

[node name="6" type="Position2D" parent="centers/row_8"]
position = Vector2( 384, 544 )

[node name="7" type="Position2D" parent="centers/row_8"]
position = Vector2( 448, 544 )

[node name="8" type="Position2D" parent="centers/row_8"]
position = Vector2( 512, 544 )

[node name="9" type="Position2D" parent="centers/row_8"]
position = Vector2( 576, 544 )

[node name="10" type="Position2D" parent="centers/row_8"]
position = Vector2( 640, 544 )

[node name="11" type="Position2D" parent="centers/row_8"]
position = Vector2( 704, 544 )

[node name="12" type="Position2D" parent="centers/row_8"]
position = Vector2( 768, 544 )

[node name="13" type="Position2D" parent="centers/row_8"]
position = Vector2( 832, 544 )

[node name="14" type="Position2D" parent="centers/row_8"]
position = Vector2( 896, 544 )

[node name="15" type="Position2D" parent="centers/row_8"]
position = Vector2( 960, 544 )

[node name="players" type="Node" parent="."]

[node name="Tank_blue" parent="players" instance=ExtResource( 1 )]
position = Vector2( 192, 232 )
scale = Vector2( 0.0536979, 0.0536979 )
player_color = "blue"

[node name="Tank_red" parent="players" instance=ExtResource( 1 )]
position = Vector2( 192, 232 )
scale = Vector2( 0.0536979, 0.0536979 )
player_color = "red"

[node name="Tank_green" parent="players" instance=ExtResource( 1 )]
position = Vector2( 192, 232 )
scale = Vector2( 0.0536979, 0.0536979 )
player_color = "green"

[node name="Tank_purple" parent="players" instance=ExtResource( 1 )]
position = Vector2( 192, 232 )
scale = Vector2( 0.0536979, 0.0536979 )
player_color = "purple"

[node name="Tank_orange" parent="players" instance=ExtResource( 1 )]
position = Vector2( 192, 232 )
scale = Vector2( 0.0536979, 0.0536979 )
player_color = "orange"

[node name="Tank_turquoise" parent="players" instance=ExtResource( 1 )]
position = Vector2( 192, 232 )
scale = Vector2( 0.0536979, 0.0536979 )
player_color = "turquoise"
[connection signal="ammu_counter_changed" from="players/Tank_blue" to="." method="_on_Tank_ammu_counter_changed"]
[connection signal="health_changed" from="players/Tank_blue" to="." method="_on_Tank_health_changed"]
[connection signal="tank_dead" from="players/Tank_blue" to="." method="_on_Tank_tank_dead"]
[connection signal="ammu_counter_changed" from="players/Tank_red" to="." method="_on_Tank_ammu_counter_changed"]
[connection signal="health_changed" from="players/Tank_red" to="." method="_on_Tank_health_changed"]
[connection signal="tank_dead" from="players/Tank_red" to="." method="_on_Tank_tank_dead"]
[connection signal="ammu_counter_changed" from="players/Tank_green" to="." method="_on_Tank_ammu_counter_changed"]
[connection signal="health_changed" from="players/Tank_green" to="." method="_on_Tank_health_changed"]
[connection signal="tank_dead" from="players/Tank_green" to="." method="_on_Tank_tank_dead"]
[connection signal="ammu_counter_changed" from="players/Tank_purple" to="." method="_on_Tank_ammu_counter_changed"]
[connection signal="health_changed" from="players/Tank_purple" to="." method="_on_Tank_health_changed"]
[connection signal="tank_dead" from="players/Tank_purple" to="." method="_on_Tank_tank_dead"]
[connection signal="ammu_counter_changed" from="players/Tank_orange" to="." method="_on_Tank_ammu_counter_changed"]
[connection signal="health_changed" from="players/Tank_orange" to="." method="_on_Tank_health_changed"]
[connection signal="tank_dead" from="players/Tank_orange" to="." method="_on_Tank_tank_dead"]
[connection signal="ammu_counter_changed" from="players/Tank_turquoise" to="." method="_on_Tank_ammu_counter_changed"]
[connection signal="health_changed" from="players/Tank_turquoise" to="." method="_on_Tank_health_changed"]
[connection signal="tank_dead" from="players/Tank_turquoise" to="." method="_on_Tank_tank_dead"]
